 Dungeon Crawl Stone Soup version 0.30-a0-614-ge5ea1257c2 (webtiles) character file.

Game seed: 231584071650806459

327 Oxelix the Firebug (level 6, -5/36 HPs)
             Began as an Octopode Fire Elementalist on Jan 9, 2023.
             Slain by an iguana (7 damage)
             ... on level 4 of the Dungeon.
             The game lasted 00:12:08 (4141 turns).

Oxelix the Firebug (Octopode Fire Elementalist)     Turns: 4141, Time: 00:12:08

Health: -5/36      AC:  1    Str:  7    XL:     6   Next: 50%
Magic:  10/11      EV: 13    Int: 19    God:
Gold:   160        SH:  0    Dex: 19    Spells: 6/12 levels left

rFire   . . .      SeeInvis .    e - +0 dagger
rCold   . . .      Faith    .    (no shield)
rNeg    . . .      Spirit   .    (helmet restricted)
rPois   .          Reflect  .    (no amulet)
rElec   .          Harm     .    m - +6 ring of dexterity
rCorr   .          Rampage  .    (no ring)
Will    .....                    (no ring)
Stlth   +++                      (no ring)
HPRegen 0.26/turn                (no ring)
MPRegen 0.12/turn                (no ring)
                                 (no ring)
                                 (no ring)

@: no status effects
A: almost no armour, amphibious, 8 rings, camouflage 1, gelatinous body 1,
(nimble swimmer 1), tentacles
a: no special abilities


You were on level 4 of the Dungeon.
You visited 1 branch of the dungeon, and saw 5 of its levels.

You collected 160 gold pieces.

Inventory:

Hand Weapons
 e - a +0 dagger (weapon)
Jewellery
 m - a +6 ring of dexterity (left tentacle)
Scrolls
 b - 2 scrolls of enchant armour {unknown}
 c - 8 scrolls of identify {unknown}
 g - 2 scrolls of fog {unknown}
 h - 2 scrolls of magic mapping {unknown}
 j - a scroll of summoning {unknown}
 k - a scroll of acquirement {unknown}
 n - 2 scrolls of vulnerability {unknown}
Potions
 a - 3 potions of magic
 d - 2 potions of haste {unknown}
 f - 3 potions of heal wounds {unknown}
 i - a potion of berserk rage {unknown}
 l - a potion of attraction {unknown}
 o - 2 potions of mutation {unknown}
 p - a potion of brilliance {unknown}
 q - a potion of flight {unknown}


   Skills:
 + Level 0.2 Fighting
 + Level 1.0 Short Blades
 - Level 2.0 Dodging
 - Level 2.6 Stealth
 + Level 3.5 Spellcasting
 + Level 4.0 Conjurations
 + Level 4.4 Fire Magic


You had 6 spell levels left.
You knew the following spells:

 Your Spells              Type           Power      Damage    Failure   Level
a - Foxfire               Conj/Fire      76%        2x1d7     2%          1
b - Scorch                Fire           40%        2d7       3%          2
c - Hailstorm             Conj/Ice       10%        3d5       19%         3

Your spell library contained the following spells:

 Spells                   Type           Power      Damage    Failure   Level
 Kiss of Death            Conj/Necr      40%        2d8       6%          1
 Freeze                   Ice            12%        1d3       14%         1
 Inner Flame              Hex/Fire       11%        N/A       17%         3
 Sublimation of Blood     Necr           3%         N/A       22%         2
 Kindle Blastsparks       Fire/Tloc/Air  18%        2d11      24%         3
 Flame Wave               Conj/Fire      19%        2d7       26%         4
 Confusing Touch          Hex            3%         N/A       41%         3
 Frozen Ramparts          Ice            6%         1d1       41%         3
 Dispel Undead            Necr           3%         3d7       82%         4
 Petrify                  Tmut/Erth      3%         N/A       82%         4
 Irradiate                Conj/Tmut      5%         3d13      87%         5


Dungeon Overview and Level Annotations

Branches:
Dungeon (5/15)
 Temple: D:4-7

Altars:
Hepliaklqana
Makhleb
Nemelex Xobeh
Wu Jian


Innate Abilities, Weirdness & Mutations

You cannot wear most types of armour.
You are amphibious.
You can wear up to eight rings at the same time.
Your skin changes colour to match your surroundings (Stealth+).
Your rubbery body absorbs attacks. (AC +1, EV +1)
((You are camouflaged when in or above water. (Stealth+)))
You have tentacles for arms and can constrict up to eight enemies at once.


Message History

The hound attacks as you move away! The hound bites you.
An orc priest comes into view. It is wielding a +0 club.
The orc priest shouts!
The ufetubus closely misses you. The ufetubus barely misses you.
The orc priest mumbles some strange prayers to Beogh against you.
Beogh smites you!
The howler monkey hits you but does no damage.
The orc priest moves out of view.
The orc attacks as you move away! The orc hits you with a +0 dagger.
The iguana attacks as you move away! The iguana bites you.
The howler monkey attacks as you move away!
The howler monkey hits you.
You feel less confused.
A hound comes into view.
The ufetubus closely misses you. The ufetubus barely misses you.
There is a stone staircase leading up here.
The hound barks!
The ufetubus hits you. x2
* * * LOW HITPOINT WARNING * * *
The howler monkey barely misses you.
The orc priest calls upon Beogh to heal the orc.
The orc's wounds heal themselves!
The iguana closely misses you.
You climb upwards.
Reactivating autopickup.
There is a stone staircase leading down here.
You hit the howler monkey but do no damage.
You grab the howler monkey. You constrict the howler monkey.
The ufetubus closely misses you. The ufetubus hits you.
* * * LOW HITPOINT WARNING * * *
The howler monkey closely misses you. The iguana bites you.
* * * LOW HITPOINT WARNING * * *
The ufetubus hits you.
* * * LOW HITPOINT WARNING * * *
The ufetubus barely misses you.
The howler monkey hoots and howls with incredible vigour!
You barely miss the iguana. You grab the iguana.
The iguana is moderately wounded.
You constrict the iguana, but do no damage.
You constrict the howler monkey. The iguana bites you!
You die...

###### #....# #....######### ###
### #...<'.......# ..#
#.#####...)#######)#
..#######.....#....# #.....######
..#.......###.#....# #.........<#
..#.......###.#5hl.##############
).'...........).@.)......)......#
###..........##..##############.#
#......###.##.....##......# #.#
#......# #.##..##.##†####.# #.#
##########'##.....##.# #.# #.#
#### #........####.# #)# #.# ...#
#........# #.####.###.# ...#
#........# #.)).#.....# ...#
#........#######.#######


You could see a howler monkey, an iguana and an ufetubus.

Vanquished Creatures
  Blork the orc (D:4)
  A necrophage (D:2)
  An orc wizard (D:3)
  A mummy (D:4)
  Robin (D:4)
  4 adders
  A worm (D:4)
  3 dart slugs
  7 orcs (D:3)
  9 endoplasms
  4 giant cockroaches
  22 goblins
  7 hobgoblins
  3 quokkas
  6 ball pythons
  2 bats
  5 frilled lizards
  3 hobgoblin zombies (D:4)
  12 kobolds
  An orc zombie (D:4)
  4 rats
98 creatures vanquished.

Vanquished Creatures (others)
  256 foxfires
256 creatures vanquished.

Grand Total: 354 creatures vanquished

Notes
Turn   | Place    | Note
-------+----------+-------------------------------------------
     0 | D:1      | Oxelix the Octopode Fire Elementalist began the quest for
                  | the Orb.
     0 | D:1      | Reached XP level 1. HP: 11/11 MP: 3/3
   192 | D:1      | Reached XP level 2. HP: 17/17 MP: 1/5
   546 | D:1      | Reached XP level 3. HP: 21/21 MP: 4/6
   952 | D:2      | Noticed a necrophage
   957 | D:2      | Killed a necrophage
   958 | D:2      | Reached XP level 4. HP: 27/27 MP: 1/8
  1226 | D:2      | Reached skill level 1 in Short Blades
  1267 | D:2      | Reached XP level 5. HP: 31/31 MP: 4/9
  2664 | D:3      | Learned a level 2 spell: Scorch
  2762 | D:3      | Found an ornate altar of the Wu Jian Council.
  2933 | D:3      | Found a hazy altar of Hepliaklqana.
  3082 | D:4      | Noticed Blork the orc
  3089 | D:4      | Killed Blork the orc
  3090 | D:4      | Reached XP level 6. HP: 29/36 MP: 2/11
  3222 | D:4      | Found a burning altar of Makhleb.
  3222 | D:4      | Found a sparkling altar of Nemelex Xobeh.
  3337 | D:4      | Noticed Robin
  3583 | D:4      | Killed Robin
  3817 | D:4      | Learned a level 3 spell: Hailstorm
  4128 | D:5      | Entered Level 5 of the Dungeon
  4140 | D:4      | HP: 1/36 [ufetubus (3)]
  4141 | D:4      | Slain by an iguana

Illustrated notes

Levels and vault maps discovered:
D:1:      nagdon_arrival_zigzag_paths, layout_basic, serial_park_tiny_pond
D:2:      layout_loops_ring, feat_on_display
D:3:      layout_basic, nzn_wu_jian_contemplation, mainiacjoe_overflow_catwalk
D:4:      layout_basic, gammafunk_temple_overflow_wave,
          minmay_misc_feat_columns, minmay_mini_ossuary, uniq_robin,
          uniq_blork_the_orc
D:5:      layout_cave_pools, general_overflow_altar, minmay_misc_feat_roman,
          uniq_duvessa

Skill      XL: |  1  2  3  4  5  6 |
---------------+-------------------+-----
Conjurations   | 2 3 4 |  4.0
Fire Magic     | 4 |  4.4
Short Blades   | 1 |  1.0
Spellcasting   | 3 |  3.5
Fighting       | |  0.2
Dodging        | |  2.0
Stealth        | |  2.6

Action                   |  1- 3 |  4- 6 || total
-------------------------+-------+-------++-------
Melee: Dagger            |    20 |    31 ||    51
       Constrict         |     6 |     9 ||    15
       Tentacles         |     3 |     6 ||     9
 Cast: Foxfire           |    46 |   109 ||   155
       Scorch            |       |     8 ||     8
       Hailstorm         |       |     1 ||     1
 Stab: Sleeping          |     2 |     4 ||     6
Armor: Skin              |     1 |     2 ||     3
Dodge: Dodged            |    20 |    40 ||    60

Table legend: (Time is in decaauts)
 A = Elapsed time spent in this place.
 B = Non-inter-level travel time spent in this place.
 C = Inter-level travel time spent in this place.
 D = Time resting spent in this place.
 E = Time spent auto-exploring this place.
 F = Levels seen in this place.
 G = Mean time per level.
                   A        B        C        D        E       F      G
               +--------+--------+--------+--------+--------+-----+--------+
         Total |   4138 |   4007 |    131 |    519 |   2748 |   5 |  827.6 |
       Dungeon |   4138 |   4007 |    131 |    519 |   2748 |   5 |  827.6 |
               +--------+--------+--------+--------+--------+-----+--------+

Top non-repeatable levels by time:
     D:3: 1224 daAuts
     D:4: 1085 daAuts
     D:2: 991 daAuts
     D:1: 826 daAuts
     D:5: 10 daAuts
